AoeStats
← victordh91

Arabia

509084556Analyzed
1v1 RM · 6d ago on Sep 25, 2026· 33m 50s· 2 players
Game mode
Random Map
Map size
Tiny (2 player)
Population
200
Speed
Normal
Resources
Standard
Victory
Conquest
Starting age
Dark Age
Ending age
Imperial Age
RankedLock teamsTeams togetherTeam positionsShared explorationLock speedFull tech treeHidden civsTurbo modeCheats
Victory
Defeat
🇳🇱 Franks · Netherlands
930
+18
🇪🇸 Spanish · Spain
983
-18
Alfuum
11:25 Feudal Age
17:05 Castle Age
19:40 Wheelbarrow
19:29 Double-Bit Axe
21:35 Loom
27:35 Padded Archer Armor
27:40 Scale Barding Armor
27:33 Town Watch
victordh91
6:08 Loom
9:03 Feudal Age
20:27 Castle Age
18:45 Scale Barding Armor
19:12 Fletching
19:24 Padded Archer Armor
19:33 Double-Bit Axe
20:52 Elite Skirmisher
24:14 Husbandry
27:04 Stone Mining
27:05 Gold Mining
28:23 Bodkin Arrow
28:30 Scale Mail Armor
29:43 Wheelbarrow
31:17 Hand Cart
33:06 Bow Saw
Connection lost

Rejoining the realm…

Still unreachable

The connection could not be restored.

Session expired

The server has moved on; the page needs a fresh start.